 Dungeon Crawl Stone Soup version 0.21-a0-529-g8c7b3f5 (webtiles) character file.

1531 theanonym the Changer (level 8, -7/48 HPs)
             Began as an Octopode Transmuter on Dec 11, 2017.
             Killed by divine providence
             ... invoked by an orc priest
              (17 damage)
             ... on level 5 of the Dungeon.
             The game lasted 00:15:55 (8092 turns).

theanonym the Changer (Octopode Transmuter)         Turns: 8092, Time: 00:15:56

Health: -7/48      AC:  2    Str: 10    XL:     8   Next: 85%
Magic:  10/11      EV: 19    Int: 17    God:
Gold:   261        SH:  0    Dex: 17    Spells: 1/11 levels left

rFire    . . .     SeeInvis .     - Unarmed
rCold    . . .     Gourm    .   (shield currently unavailable)
rNeg     . . .     Faith    .   (helmet currently unavailable)
rPois    x         Spirit   .   (no amulet)
rElec    .         Reflect  .   h - ring of resist corrosion {rCorr}
rCorr    +         Harm     .   (no ring)
MR       .....                  (no ring)
Stlth    ++........             (no ring)
HPRegen  0.16/turn              (no ring)
MPRegen  0.12/turn              (no ring)
                                (no ring)
                                (no ring)

@: spider-form (expiring)
A: tiny, almost no armour, stealthy swim, (amphibious), 8 rings, (constrict 8)
a: End Transformation


Innate Abilities, Weirdness & Mutations

You cannot wear most types of armour.
You are very stealthy in the water. (Stealth+)
((You are amphibious.))
You can wear up to eight rings at the same time.
((You can use your tentacles to constrict eight enemies at once.))
((Your skin changes colour to match your surroundings (Stealth+).))
((Your rubbery body absorbs attacks. (AC +1, EV +1)))


   Skills:
 - Level 1.0 Fighting
 - Level 2.0 Dodging
 - Level 5.0 Unarmed Combat
 - Level 2.0 Spellcasting
 + Level 7.4 Transmutations
 - Level 5.1 Ice Magic
 - Level 5.0 Poison Magic


You had one spell level left.
You knew the following spells:

 Your Spells              Type           Power        Failure   Level  Hunger
a - Beastly Appendage     Tmut           ####..       4%          1    #......
b - Sticks to Snakes      Tmut           ####....     6%          2    ###....
c - Spider Form           Tmut/Pois      ###.......   13%         3    ###....
d - Ice Form              Ice/Tmut       ###.....     32%         4    #####..

Skill      XL: |  1  2  3  4  5  6  7  8 |
---------------+-------------------------+-----
Poison Magic   | 1 3 5 |  5.0
Transmutations | 3 4 5 7 |  7.4
Unarmed Combat | 4 5 |  5.0
Ice Magic      | 3 5 |  5.1
Fighting       | |  1.0
Dodging        | |  2.0
Spellcasting   | |  2.0

Action                   |  1- 3 |  4- 6 |  7- 9 || total
-------------------------+-------+-------+-------++-------
Melee: Unarmed           |    88 |   121 |   198 ||   407
       Constrict         |    24 |    22 |    17 ||    63
       Tentacles         |     7 |    14 |    10 ||    31
       Kick              |     4 |       |     4 ||     8
       Punch             |     1 |     1 |     3 ||     5
 Cast: Beastly Appendage |     4 |     1 |     3 ||     8
       Sticks to Snakes  |     2 |     4 |     6 ||    12
       Spider Form       |       |     4 |     7 ||    11
       Ice Form          |       |       |     6 ||     6
 Abil: End Transformatio |       |       |     1 ||     1
Evoke: Wand              |       |     3 |     4 ||     7
  Use: Scroll            |       |     5 |     9 ||    14
       Potion            |       |     1 |     6 ||     7
 Stab: Distracted        |     1 |     1 |       ||     2
       Sleeping          |     2 |     3 |     4 ||     9
       Paralysed         |       |     7 |       ||     7
       Invisible         |       |       |     3 ||     3
  Eat: Chunk             |     2 |     6 |     7 ||    15
       Royal jelly       |       |     1 |       ||     1
       Fruit             |       |       |     2 ||     2
       Bread ration      |       |       |     2 ||     2
Armor: Skin              |    12 |     5 |    51 ||    68
Dodge: Dodged            |    61 |    90 |   123 ||   274

Inventory:

Missiles
 a - 23 arrows
Jewellery
 h - a ring of resist corrosion (left front leg) {rCorr}
   (You found it in an ossuary)
Wands
 f - a wand of paralysis (4)
   (You found it on level 3 of the Dungeon)
Scrolls
 b - a scroll of blinking
 e - a scroll of enchant armour
 g - 8 scrolls of remove curse
 r - a scroll of identify
Potions
 d - a potion of lignification
 j - a potion of haste
 l - a potion of cancellation
 m - a potion of agility
 o - 3 potions of flight
 q - 5 potions of heal wounds
Books
 c - a book of Changes
Comestibles
 k - 3 meat rations


You were on level 5 of the Dungeon.
You were not hungry.
You were a venomous arachnid creature.
You visited 1 branch of the dungeon, and saw 5 of its levels.
You also visited: Ossuary.

You collected 261 gold pieces.

Dungeon Overview and Level Annotations

Branches:
Dungeon (5/15)
 Temple: D:4-7

Altars:
Dithmenos
Fedhas
Gozag
Makhleb
Okawaru
Qazlal
Ru
Uskayaw
Xom


Message History

There is an open door here!
Found a gate leading back out of this place!
You regained 2 hp, and now have 53/57 hp!
You regained 2 mp, and now have 10/11 mp!
You found a spear trap!!!
Found 18 gold pieces!
You regained 2 hp, and now have 55/57 hp!
MP restored: 11 No target in view!!!
You open the door!
There is an open door here!
You now have 230 gold pieces (gained 5)!
You now have 237 gold pieces (gained 7)!
Your transformation is almost over!
You now have 248 gold pieces (gained 11)!
Health restored: 57 You now have 261 gold pieces (gained 13)!
Done exploring!
Done exploring!
Done exploring!
Done exploring!
There is an open door here!
You warm up again!
There is a gate leading back out of this place here!
You now have 48/48 hp!
Welcome back to the Dungeon!!!
There is a collapsed entrance here!
You thrash the quokka skeleton! You grab the quokka skeleton!
You constrict the quokka skeleton! The quokka skeleton closely misses you!
You thrash the quokka skeleton!
You destroy the quokka skeleton!!!
No target in view!!!
No target in view!!!
No target in view!!!
You don't have any unidentified items!
Unknown command!
Put on which piece of jewellery? (? for menu, Esc to quit)
Okay, then!
Unknown command!
Drop what? 15/52 slots (_ for help) (? for menu, Esc to quit)
You drop a scroll of enchant weapon!
Unknown command!
There is an open door here!
Found a stone staircase leading down!
e - a scroll of enchant armour An orc and an orc wizard come into view!
The orc wizard is wielding an antimagic dagger!
There are monsters nearby!!!
There are monsters nearby!!!
There are monsters nearby!!!
You turn into a venomous arachnid creature!
The orc shouts!!!
An orc priest comes into view! It is wielding a hand axe!
You now have 8/11 mp!
An orc and an orc wizard come into view!
The orc wizard shouts!!!
The orc moves out of view!
The orc priest shouts!!!
You maul the orc wizard!
The orc wizard is poisoned!
The orc wizard points at you and mumbles some strange words!
The puff of flame hits you!!!
The orc wizard casts a spell!
The orc wizard seems to speed up!
You take 9 damage, and have 39/48 hp!
You barely miss the orc wizard! The orc wizard misses you! The orc misses you!
The orc priest calls down the wrath of Beogh upon you!
Beogh smites you!!!
You take 14 damage, and have 25/48 hp!
MASSIVE DAMAGE!!!!!!
You maul the orc wizard!
The orc wizard looks as sick as possible!!!
You annihilate the orc wizard!!!
The orc closely misses you!
You maul the orc wizard but do no damage!
The orc wizard is poisoned!
The orc wizard hits you but does no damage!
The orc wizard hits you with a dagger! * * * don't die
* * * The orc completely misses you!
You are too injured to fight recklessly!!!
You are too injured to fight recklessly!!!
You take 3 damage, and have 22/48 hp!
You are too injured to fight recklessly!!!
The orc wizard casts a spell at you!
The puff of frost hits you!!! * * * don't die
* * * You take 7 damage, and have 15/48 hp!
The orc wizard points at you and mumbles some strange words!
The puff of flame misses you!
The orc wizard looks more healthy!
The orc wizard hits you but does no damage!
Your transformation is almost over!
The orc wizard points at you and mumbles some strange words!
The puff of flame misses you! The orc wizard casts a spell at you!
The magic dart hits you!!! * * * don't die
* * * You take 8 damage, and have 9/48 hp!
The orc priest invokes the aid of Beogh against you!
Beogh smites you!!! rip

######### #.......#
########.#####.#
#.oo.o...## #.#
#.####....####.#####
######.##
#...os.>......#
#.......#
#......##.##..#
#.#.....#
###...###.##..##
#.###.#
#.......##...# #o#
#.# ##.####.###..#
#.# #.# #.# #.###..#
#..o....# #+#
#......# ###o#####
######.# #.# #.#


You could see an orc priest, an orc wizard and an orc.

Notes
Turn   | Place    | Note
-------+----------+-------------------------------------------
     0 | D:1      | theanonym the Octopode Transmuter began the quest for the Orb.
     0 | D:1      | Reached XP level 1. HP: 13/13 MP: 3/3
    73 | D:1      | Reached XP level 2. HP: 15/18 MP: 5/5
    81 | D:1      | Learned a level 2 spell: Sticks to Snakes
   340 | D:1      | HP: 8/18 [jackal (2)]
   350 | D:1      | Reached XP level 3. HP: 11/23 MP: 3/6
   526 | D:1      | Learned a level 3 spell: Spider Form
  1157 | D:1      | Reached skill level 1 in Poison Magic
  1263 | D:2      | Reached skill level 3 in Transmutations
  1562 | D:2      | Reached XP level 4. HP: 28/28 MP: 7/7
  1701 | D:2      | Found a hide-covered altar of Uskayaw.
  1959 | D:2      | Reached skill level 2 in Poison Magic
  2192 | D:2      | HP: 12/28 [worm (6)]
  2551 | D:3      | Noticed Torious's ghost (amateur DECj)
  2614 | D:3      | Noticed Grinder
  2738 | D:3      | Reached skill level 4 in Unarmed Combat
  2738 | D:3      | Reached skill level 3 in Poison Magic
  2738 | D:3      | Reached XP level 5. HP: 26/33 MP: 5/8
  2852 | D:3      | Noticed an ogre
  2859 | D:3      | HP: 9/33 [ogre/giant club (24)]
  2863 | D:3      | Killed an ogre
  3131 | D:3      | Found an opulent altar of Gozag.
  3131 | D:3      | Found a blossoming altar of Fedhas.
  3132 | D:3      | Found a stormy altar of Qazlal.
  3132 | D:3      | Found a shimmering altar of Xom.
  3132 | D:3      | Found an iron altar of Okawaru.
  3169 | D:2      | HP: 12/33 [Grinder (11)]
  3171 | D:2      | HP: 4/33 [hobgoblin (3)]
  3174 | D:2      | Killed Grinder
  3174 | D:2      | Reached skill level 4 in Transmutations
  3174 | D:2      | Reached skill level 5 in Poison Magic
  3174 | D:2      | Reached XP level 6. HP: 5/38 MP: 6/9
  3635 | D:3      | Killed Torious's ghost
  3635 | D:3      | Reached skill level 5 in Unarmed Combat
  3635 | D:3      | Reached XP level 7. HP: 43/43 MP: 10/10
  3641 | D:3      | Learned a level 4 spell: Ice Form
  3646 | D:3      | Found a shadowy altar of Dithmenos.
  3647 | D:3      | Found a sacrificial altar of Ru.
  3834 | D:3      | Found a burning altar of Makhleb.
  4052 | D:4      | HP: 15/51 [wight/dire flail (12)]
  4054 | D:4      | HP: 7/51 [wight/dire flail (3)]
  4056 | D:4      | Reached skill level 1 in Ice Magic
  4076 | D:4      | HP: 11/64 [wight/enchanted trident (1)]
  4081 | D:4      | HP: 9/64 [wight/enchanted trident (1)]
  4088 | D:4      | HP: 7/64 [wight/enchanted trident (3)]
  4094 | D:4      | HP: 23/64 [wight/enchanted trident (4)]
  4101 | D:4      | HP: 22/64 [wight/enchanted trident (3)]
  4108 | D:4      | HP: 3/43 [wight/enchanted trident (11)]
  4475 | D:4      | HP: 16/43 [centaur skeleton (8)]
  4477 | D:4      | Reached skill level 5 in Transmutations
  4964 | D:4      | Reached skill level 2 in Ice Magic
  5015 | D:4      | HP: 21/43 [worker ant (6)]
  5020 | D:4      | HP: 17/43 [poisoned by a worker ant]
  5025 | D:4      | HP: 13/43 [poisoned by a worker ant]
  5031 | D:4      | HP: 10/43 [poisoned by a worker ant]
  5036 | D:4      | HP: 9/43 [poisoned by a worker ant]
  5043 | D:4      | HP: 8/43 [poisoned by a worker ant]
  5051 | D:4      | HP: 7/43 [poisoned by a worker ant]
  5237 | D:4      | HP: 23/51 [wight/enchanted trident (3)]
  6172 | D:4      | Reached skill level 3 in Ice Magic
  6172 | D:4      | Reached XP level 8. HP: 38/48 MP: 1/11
  7006 | D:5      | Entered Level 5 of the Dungeon
  7046 | D:5      | Reached skill level 6 in Transmutations
  7144 | D:5      | Reached skill level 4 in Ice Magic
  7287 | D:5      | Noticed Edmund
  7300 | D:5      | Killed Edmund
  7343 | D:5      | Found a sand-covered staircase.
  7379 | Ossuary  | Entered an ossuary
  7398 | Ossuary  | HP: 27/57 [elf zombie (2)]
  7402 | Ossuary  | HP: 12/57 [human zombie (5)]
  7421 | Ossuary  | HP: 9/57 [elf zombie (5)]
  7430 | Ossuary  | HP: 7/57 [elf zombie (3)]
  7431 | Ossuary  | Reached skill level 7 in Transmutations
  7431 | Ossuary  | Reached skill level 5 in Ice Magic
  7436 | Ossuary  | HP: 4/57 [mummy (4)]
  8077 | D:5      | HP: 22/48 [orc wizard/dagger (3)]
  8088 | D:5      | HP: 9/48 [orc wizard/magic dart (8)]
  8092 | D:5      | Killed from afar by an orc priest

Vanquished Creatures
  Grinder (D:2)
  Edmund (D:5)
  3 ogres
  The ghost of Torious the Conjurer, an amateur DECj (D:3)
  3 elf zombies (Ossuary)
  5 wights (D:4)
  A crimson imp (D:5)
  A bullfrog zombie (D:5)
  2 centaur skeletons (D:4)
  A human zombie (Ossuary)
  2 orc wizards
  2 worker ants (D:4)
  A hound zombie (Ossuary)
  3 mummies (Ossuary)
  5 adders
  An ooze (D:2)
  An adder zombie (Ossuary)
  4 worms
  4 dart slugs (D:1)
  3 leopard geckos
  10 orcs
  2 ball pythons (D:3)
  6 giant cockroaches
  8 goblins
  8 hobgoblins
  10 jackals
  A quokka (D:4)
  10 bats
  6 frilled lizards
  2 jackal zombies (Ossuary)
  11 kobolds
  2 orc zombies (Ossuary)
  A quokka skeleton (D:5)
  3 rats
  A rat zombie (Ossuary)
126 creatures vanquished.

Vanquished Creatures (collateral kills)
  A mummy (Ossuary)
  An adder (D:4)
  A worm (D:2)
  A leopard gecko (D:1)
  A ball python (D:1)
  2 bats
  A hobgoblin (D:1)
  A jackal (D:1)
  A hobgoblin zombie (Ossuary)
10 creatures vanquished.

Grand Total: 136 creatures vanquished

Table legend:
 A = Turns spent in this place as a percentage of turns spent in the entire game.
 B = Non-inter-level travel turns spent in this place as a percentage of non-inter-level travel turns spent in the entire game.
 C = Inter-level travel turns spent in this place as a percentage of turns spent in this place.
 D = Turns resting spent in this place as a percentage of non-inter-level travel turns spent in this place.
 E = Turns spent auto-exploring this place as a percentage of non-inter-level travel turns spent in this place.
 F = Non-inter-level travel turns spent in this place divided by the number of levels of this place that you've seen.
                   A       B       C       D       E      F
               +-------+-------+-------+-------+-------+----------------------
         Total | 100.0 | 100.0 |   2.9 |  51.2 |  31.9 | 1309.8
       Dungeon |  92.3 |  92.1 |   3.1 |  50.0 |  33.7 | 1447.4
       Ossuary |   7.7 |   7.9 |   0.0 |  65.1 |  10.9 | 622.0
               +-------+-------+-------+-------+-------+----------------------
